Unix NetHack Version 5.0.0-0 post-release - last build Jun 10 2026 00:39:30 (3ee93aec679c4c4259841fe613dc97188e26a321,branch:main).

Game began 2026-06-26 18:17:15, ended 2026-06-26 19:04:55.

Ch3Begorrah, chaotic male human Rogue

            ----------
            |....*...|
            |........|
            |........|
            |........|
            |<........
            ---+--.---
               #####
                ###
                #
                #
        --------|-
        |...@....+
        |......N.|
        |F.......|
        |.........
        ----------

Ch3Begorrah the Rogue   St:11 Dx:18 Co:14 In:11 Wi:11 Ch:9  Chaotic
Dlvl:8  $:50 HP:40(40) Pw:19(19) AC:-2 Xp:6 T:2294  Fainting

Latest messages:
 T - a +0 dagger (at the ready) (13 in total).
 $ - 8 gold pieces (50 in total).
 You see here a studded leather armor.
 You are beginning to feel hungry.
 You have a little trouble lifting a bell.  Continue? [ynq] (q) q
 There is a grave here.
 Something is engraved here on the headstone.
 You read: "Saved by the bell!"
 You see here a bell.
 That door is closed.
 The door opens.
 With great effort you move the boulder.
 You see here a chest.
 What do you want to use or apply? [efP or ?*] e
 In what direction? .
 There is a chest here; pick its lock? [ynq] (q) y
 You succeed in picking the lock.
 You have a little trouble removing a potion of healing.  Continue? [ynq] (q) y
 You have a little trouble removing S - a potion of healing (3 in total).
 U - an iron ring.
 Your movements are slowed slightly because of your load.
 You see here an empty unlocked chest.
 What do you want to use or apply? [efP or ?*] f
 You have a little trouble removing K - a pick-axe.
 What do you want to drop? [$a-giklnp-swxA-CE-KMPS-U or ?*] K
 You drop a pick-axe.
 Your movements are now unencumbered.
 You descend the stairs.
 You are beginning to feel weak.
 What do you want to eat? [px or ?*] ?
 Never mind.
 That door is closed.
 The door opens.
 You see here a plate mail.
 You descend the stairs.
 That door is closed.
 That door is closed.
 The door resists!
 The door resists!
 The door opens.
 You see here a scroll labeled ANDOVA BEGARIN.
 V - a scroll labeled ANDOVA BEGARIN.
 What do you want to read? [nV or ?*] V
 As you read the scroll, it disappears.
 Your dagger glows blue for a moment.
 S - a potion of healing (4 in total).
 You faint from lack of food.
 You regain consciousness.
 Really quit without saving? [yn] (n) y
 Do you want your possessions identified? [ynq] (y) q

Inventory:
 Coins    ('$')
  $ - 50 gold pieces
 Weapons  (')')
  b - a +1 dagger (weapon in right hand)
  T - 13 +0 daggers (at the ready)
  H - a +0 elven dagger
 Armor    ('[')
  E - an uncursed +0 dwarvish iron helm (being worn)
  G - a cursed -1 pair of iron shoes (being worn)
  J - an uncursed +0 dwarvish cloak (being worn)
  M - an uncursed +4 elven mithril-coat (being worn)
 Comestibles  ('%')
  x - 2 uncursed fortune cookies
  p - an uncursed egg
 Scrolls  ('?')
  n - an uncursed scroll of confuse monster
 Potions  ('!')
  B - 2 uncursed potions of gain energy
  S - 4 uncursed potions of healing
  d - an uncursed potion of sickness
  w - an uncursed potion of water
 Rings    ('=')
  i - an uncursed ring of cold resistance named ok
  c - an uncursed ring of conflict named ok
  A - a cursed ring of conflict (on left hand)
  a - an uncursed ring of fire resistance named ok
  s - an uncursed ring of fire resistance named ok
  k - an uncursed -1 ring of increase damage named ok
  l - an uncursed ring of invisibility
  U - a cursed ring of invisibility
  g - an uncursed ring of levitation
  r - an uncursed ring of poison resistance named ok
  C - an uncursed ring of see invisible
  q - an uncursed ring of warning
 Tools    ('(')
  f - an uncursed sack containing 1 item
  e - an uncursed lock pick
  P - an uncursed magic whistle
 Gems/Stones  ('*')
  F - 2 uncursed worthless pieces of green glass
  I - an uncursed worthless piece of white glass

Contents of the sack:
  an uncursed scroll of enchant armor named ok

Ch3Begorrah the Rogue's attributes:

Background:
 You were a Rogue, level 6 male human.
 You were chaotic, nominally on a mission for Kos
 who was opposed by Issek (lawful) and Mog (neutral).
 You were right-handed.
 You were in the Dungeons of Doom, on level 8.
 You entered the dungeon 2294 turns ago.
 You had 320 experience points, 320 more were needed to attain level 7.

Basics:
 You had all 40 hit points.
 You had all 19 energy points (spell power).
 Your armor class was -2.
 Your wallet contained 50 zorkmids.
 Autopickup was on for '$!/(' plus thrown, with exceptions.

Final Characteristics:
 Your strength was 11 (base:12, limit:18/100).
 Your dexterity was 18 (limit:18).
 Your constitution was 14 (limit:18).
 Your intelligence was 11 (limit:18).
 Your wisdom was 11 (limit:18).
 Your charisma was 9 (limit:18).

Final Status:
 You were fainting due to starvation.
 You were unencumbered.
 You were wielding a dagger.
 You were skilled in dagger.

Final Attributes:
 You were piously aligned.
 Your items were somewhat protected from fire.
 Your items were somewhat protected from cold.
 You could recognize detrimental food.
 You were stealthy.
 You caused conflict.
 You were guarded.
 You were fast.
 You survived.

Miscellaneous:
 You didn't encounter any bones levels.
 Total elapsed playing time was 24 minutes and 36 seconds.

Major events:
 Turn
    1: Ch3Begorrah the chaotic male human Rogue entered the dungeon
  925: attained the rank of Cutpurse (level 3)
 1068: entered the Gnomish Mines
 1607: stole 2335 zorkmids worth of merchandise from Abisko's jewelers
 2158: attained the rank of Rogue (level 6)
 2294: quit

You didn't know any spells.

Skills:
 Fighting Skills
   bare handed combat [Unskilled]
   two weapon combat  [Unskilled]
   riding             [Unskilled]
 Weapon Skills
   dagger             [Skilled]
   knife              [Unskilled]
   short sword        [Basic]
   broadsword         [Unskilled]
   long sword         [Unskilled]
   two-handed sword   [Unskilled]
   saber              [Unskilled]
   club               [Unskilled]
   mace               [Unskilled]
   morning star       [Unskilled]
   flail              [Unskilled]
   hammer             [Unskilled]
   polearms           [Unskilled]
   spear              [Unskilled]
   crossbow           [Unskilled]
   dart               [Unskilled]
   shuriken           [Unskilled]
 Spellcasting Skills
   divination spells  [Unskilled]
   escape spells      [Unskilled]
   matter spells      [Unskilled]

Voluntary challenges:
 Character rerolling was not enabled.
 You followed a strict vegan diet.
 You were an atheist.
 You never genocided any monsters.
 You never polymorphed an object.
 You never changed form.
 You used no wishes.
Achievements:
 You entered a shop.
 You attained the rank of Cutpurse.
 You entered the Gnomish Mines.
 You attained the rank of Rogue.

 The Dungeons of Doom: levels 1 to 8
    Level 1:
    Level 2:
       Stairs down to The Gnomish Mines.
    Level 3:
       A ring shop.
    Level 4:
       A tool shop.
    Level 5:
    Level 6:
       A grave.
    Level 7:
    Level 8: <- You were here.
 The Gnomish Mines:
    Level 3:


Vanquished creatures:
  a small mimic
  a gnome leader
  3 Kop Lieutenants
  a floating eye
  a kitten
  2 dwarves
  3 Kop Sergeants
  a monkey
 an iguana
  2 acid blobs
  2 coyotes
  3 hobbits
  4 giant rats
  2 brown molds
  7 gnomes
  9 Keystone Kops
  a gnome zombie
  a jackal
  a fox
  a goblin
  a sewer rat
  a grid bug
  a bat
  3 lichens
  3 newts
56 creatures vanquished.

No species were genocided or became extinct.

Goodbye Ch3Begorrah the Rogue...

You quit in The Dungeons of Doom on dungeon level 8 with 1750 points,
and 50 pieces of gold, after 2294 moves.
You were level 6 with a maximum of 40 hit points when you quit.

